 Dungeon Crawl Stone Soup version 0.30-a0-23-ge60ba3568b (webtiles) character file.

Game seed: 17842234708620327824

32 kareem the Vexing (level 3, -2/26 HPs)
             Began as a Formicid Arcane Marksman on Aug 25, 2022.
             Slain by an adder (3 damage)
             ... on level 1 of the Dungeon.
             The game lasted 00:02:44 (1173 turns).

kareem the Vexing (Formicid Arcane Marksman)        Turns: 1173, Time: 00:02:45

Health: -2/26      AC:  2    Str: 14    XL:     3   Next: 45%
Magic:  4/4        EV: 12    Int: 12    God:
Gold:   94         SH:  0    Dex: 16    Spells: 3/4 levels left

rFire   . . .      SeeInvis +    a - +1 sling
rCold   . . .      Faith    .    (no shield)
rNeg    . . .      Spirit   .    c - +0 robe
rPois   .          Reflect  .    (helmet unavailable)
rElec   .          Harm     .    (no cloak)
rCorr   .          Rampage  .    (no gloves)
Will    .....                    (no boots)
Stlth   +.........               (no amulet)
HPRegen 0.08/turn                (no ring)
MPRegen 0.09/turn                (no ring)

@: lethally poisoned (-2 -> -4)
A: permanent stasis, dig shafts and tunnels, antennae 3, four strong arms
a: Dig, Shaft Self


You were on level 1 of the Dungeon.
You visited 1 branch of the dungeon, and saw 2 of its levels.

You collected 94 gold pieces.

Inventory:

Hand Weapons
 a - a +1 sling (weapon)
Armour
 c - a +0 robe (worn)
 j - a +0 buckler
Scrolls
 b - 2 scrolls of poison
 d - 2 scrolls of identify {unknown}
 e - 2 scrolls of butterflies {unknown}
 h - a scroll of noise {unknown}
 i - a scroll of summoning {unknown}
Potions
 g - a potion of curing {unknown}


   Skills:
 - Level 1.1 Fighting
 + Level 3.6 Ranged Weapons
 - Level 1.7 Dodging
 - Level 1.1 Spellcasting
 - Level 3.6 Hexes


You had 3 spell levels left.
You knew the following spells:

 Your Spells              Type           Power      Damage    Failure   Level
a - Slow                  Hex            36%        N/A       7%          1

Your spell library contained the following spells:

 Spells                   Type           Power      Damage    Failure   Level
 Inner Flame              Hex/Fire       5%         N/A       38%         3
 Portal Projectile        Hex/Tloc       10%        N/A       38%         3
 Cause Fear               Hex            4%         N/A       56%         4


Dungeon Overview and Level Annotations

Branches:
Dungeon (2/15)

Altars:

Shops:
D:1 :


Innate Abilities, Weirdness & Mutations

You cannot be hasted, slowed, berserked, paralysed or teleported.
You can dig through walls and to a lower floor.
You have a pair of large antennae on your head. (SInv)
Your four strong arms can wield two-handed weapons with a shield.


Message History

* * * LOW HITPOINT WARNING * * *
You feel sick.
You are no longer poisoned.
Fire: a) +1 sling
Press: ? - help, Q - select action, (/) - cycle Shift-Dir - straight line, f/p - adder
Aim: an adder (severely wounded, slow, 40% to hit)
You shoot a sling bullet.
The sling bullet closely misses the adder.
The adder is no longer moving slowly.
Fire: a) +1 sling
Press: ? - help, Q - select action, (/) - cycle Shift-Dir - straight line, f/p - adder
Aim: an adder (severely wounded, 40% to hit)
You shoot a sling bullet. The sling bullet hits the adder!
You kill the adder!
Unknown command.
You see here an adder corpse.
You start resting.
You sense a monster nearby.
You start resting.
An adder comes into view.
The adder bites you.
You are poisoned.
The adder poisons you! The adder attacks as you move away! The adder bites you.
You are lethally poisoned!
The adder poisons you!
* * * LOW HITPOINT WARNING * * *
You feel sick.
There is a stone staircase leading up here.
* * * LOW HITPOINT WARNING * * *
You feel sick. The adder bites you but does no damage.
You climb upwards.
* * * LOW HITPOINT WARNING * * *
You feel sick.
There is a stone staircase leading down here.
It was a potion of haste.
Your stasis prevents you from being hasted.
* * * LOW HITPOINT WARNING * * *
You feel sick. The adder bites you.
You die...

#..# ########..# #†...
#..# #..# #.### #..# #..#
#.# ###..## #..########.#
#...).# #...........#
#.#..##########
#..########.###
#.#........##.###..#
#....
#.########....S.)..#
#.### #.# ##...@....# #.#
#.####### ##...###.#
#.### #.......#
###.####.# #..>.
#######.# #.....##.#
#####
#.###.....##.############
#........................
#####.....##.############
#.....##.# ###.####.#


You could see an adder.

Vanquished Creatures
  An adder (D:2)
  A dart slug (D:1)
  A ball python (D:1)
  5 bats (D:1)
  2 endoplasms (D:1)
  A giant cockroach (D:1)
  2 goblins (D:1)
  A hobgoblin (D:1)
  A quokka (D:1)
  2 frilled lizards (D:1)
  2 kobolds (D:1)
  2 rats (D:1)
21 creatures vanquished.

Notes
Turn   | Place    | Note
-------+----------+-------------------------------------------
     0 | D:1      | kareem the Formicid Arcane Marksman began the quest for the
                  | Orb.
     0 | D:1      | Reached XP level 1. HP: 15/15 MP: 2/2
   130 | D:1      | Reached XP level 2. HP: 21/21 MP: 3/3
   227 | D:1      | Found Faod's Vocational Training.
   451 | D:1      | Reached XP level 3. HP: 13/26 MP: 1/4
   864 | D:1      | Found a faded altar of an unknown god.
  1006 | D:2      | HP: 1/26 [poisoned by an adder]
  1173 | D:1      | HP: 1/26 [poisoned by an adder]
  1173 | D:1      | Slain by an adder

Illustrated notes

Levels and vault maps discovered:
D:1:      minmay_arrival_arboretum_small, layout_loops_ring,
          basic_ecumenical_altar, nicolae_shop_vocational
D:2:      layout_loops_cross, kennysheep_generic_room_12, uniq_sigmund,
          uniq_robin

Skill      XL: |  1  2 |
---------------+-------+-----
Ranged Weapons | 3 |  3.6
Fighting       | |  1.1
Dodging        | |  1.7
Spellcasting   | |  1.1
Hexes          | |  3.6

Action                   || total
-------------------------++-------
 Fire: Sling             ||    64
 Cast: Slow              ||     5
  Use: Potion            ||     1
Armor: Robe              ||    17
Dodge: Dodged            ||    31

Table legend: (Time is in decaauts)
 A = Elapsed time spent in this place.
 B = Non-inter-level travel time spent in this place.
 C = Inter-level travel time spent in this place.
 D = Time resting spent in this place.
 E = Time spent auto-exploring this place.
 F = Levels seen in this place.
 G = Mean time per level.
                   A        B        C        D        E       F      G
               +--------+--------+--------+--------+--------+-----+--------+
         Total |   1190 |   1131 |     59 |    303 |    625 |   2 |  595.0 |
       Dungeon |   1190 |   1131 |     59 |    303 |    625 |   2 |  595.0 |
               +--------+--------+--------+--------+--------+-----+--------+

Top non-repeatable levels by time:
     D:1: 1005 daAuts
     D:2: 184 daAuts
